 Dungeon Crawl Stone Soup version 0.20-a0-854-g0cc194a (webtiles) character file.

0 Rememberthe6billion the Ducker (level 1, -1/11 HPs)
             Began as a Spriggan Abyssal Knight on Mar 11, 2017.
             Was a Follower of Lugonu.
             Killed from afar by a raiju (7 damage)
             ... with a living lightning
             ... on level 3 of the Abyss.
             The game lasted 00:01:28 (198 turns).

Rememberthe6billion the Ducker (SpAK)                Turns: 198, Time: 00:01:29

Health: -1/11      AC:  2    Str:  8    XL:     1   Next: 0%
Magic:  0/3        EV: 18    Int: 13    God:    Lugonu [*.....]
Gold:   0          SH:  0    Dex: 15    Spells: 0/0 levels left

rFire    . . .     SeeInvis +   a - +1 short sword
rCold    . . .     Gourm    .   b - +0 robe
rNeg     . . .     Faith    .   (shield restricted)
rPois    .         Spirit   +   (helmet restricted)
rElec    .         Reflect  .   e - scarf {Spirit}
rCorr    .         Harm     .   (gloves unavailable)
MR       .....                  (boots unavailable)
Stlth    +.........             (no amulet)
Regen    0.1/turn               (no ring)
MPRegen  0.1/turn               (no ring)

@: very quick
A: unfitting armour, see invisible, herbivore 3, speed 3, slow metabolism 2
a: Depart the Abyss, Renounce Religion


You were on level 3 of the Abyss.
You worshipped Lugonu.
Lugonu was aware of your devotion.
You were not hungry.

You visited 0 branches of the dungeon, and saw 0 of its levels.
You visited the Abyss 1 time.


Innate Abilities, Weirdness & Mutations

You are very small and have problems with some larger weapons.
You are too small for most types of armour.
You have supernaturally acute eyesight. (SInv)
You are a herbivore.
You cover ground extremely quickly.
You need consume almost no food.


   Skills:
 - Level 2.4 Fighting
 - Level 2.1 Short Blades
 - Level 3.5 Dodging
 + Level 0.0 Stealth
 - Level 1.7 Invocations


You couldn't memorise any spells.
You didn't know any spells.

Inventory:

Hand Weapons
 a - a +1 short sword (weapon)
Armour
 b - a +0 robe (worn)
 e - a scarf of spirit shield (worn)
Jewellery
 d - an uncursed ring of ice
Scrolls
 g - 2 scrolls of remove curse {unknown}
Potions
 f - a potion of might {unknown}
 h - a potion of cancellation {unknown}
Comestibles
 c - a bread ration

Dungeon Overview and Level Annotations

Branches:
Dungeon (0/15)

Altars:

. .. ▒ W..▒ ▒▒.
. ▒.W. ▒.▒▒▒▒ ..
.▒x ▒...#▒ .▒
▒....▒▒...▒ ▒.▒
▒. ...▒...▒..
▒... ▒...▒.▒.▒.
...
▒....h.▒......
▒▒▒i▒..▒.......
▒...▒▒▒..▒. ▒▒..
▒▒4▒▒▒..▒..▒ ..
..▒▒...▒.▒▒ ..
...▒.....▒... ▒
......▒.▒▒.▒▒.▒
▒ .▒...▒▒.. ▒▒
.. ▒ ..▒..▒.
..▒▒.. . ▒
..▒..........▒▒▒


You could see an eidolon, a hellwing, a raiju and a small abomination.


Message History

2 starspawn tentacles come into view.
A white imp comes into view.
Found a murky purple potion.
The white imp shouts!
A tentacle flies out from the starspawn's body!
The ynoxinul gestures.
Found a clear potion.
A starspawn tentacle comes into view.
A starspawn tentacle comes into view.
The white imp misses you.
An ufetubus comes into view.
You see here a murky purple potion.
h - a murky purple potion The ynoxinul gestures.
The ufetubus shouts!
A raiju comes into view.
The raiju barks!
A hellwing comes into view.
The hellwing gives a chilling moan.
A sixfirhy comes into view.
A small abomination comes into view.
The small abomination moves out of view.
An eidolon comes into view.
The eidolon gives a chilling moan.
The hellwing swoops through the air toward you!
The hellwing closely misses you. x2
The raiju bursts into living lightning!
The living lightning misses you. The living lightning hits you!
Ouch! That really hurt!
You die...

Action                   || total
-------------------------++-------
Dodge: Dodged            ||     4

Vault maps used:
Abyss:2:  bh_abyss_exit_choice, hangedman_steaming_rock,
          hangedman_abyss_monster_moat, hangedman_eye_storm
Abyss:3:  evilmike_abyss_exit_11

Notes
Turn   | Place    | Note
-------+----------+-------------------------------------------
     0 | Abyss:1  | Rememberthe6billion the Spriggan Abyssal Knight began the quest for the Orb.
     0 | Abyss:1  | Reached XP level 1. HP: 11/11 MP: 3/3
     6 | Abyss:1  | Found a corrupted altar of Lugonu.
    74 | Abyss:3  | Noticed a small abomination
    81 | Abyss:3  | Noticed a starcursed mass
   134 | Abyss:3  | Noticed a daeva
   141 | Abyss:3  | Found a roughly hewn altar of Beogh.
   152 | Abyss:3  | Noticed a starcursed mass
   160 | Abyss:3  | Noticed a tentacled starspawn
   161 | Abyss:3  | Noticed a ynoxinul
   190 | Abyss:3  | Noticed a raiju
   191 | Abyss:3  | Noticed a hellwing
   192 | Abyss:3  | Noticed a sixfirhy
   194 | Abyss:3  | Noticed a small abomination
   195 | Abyss:3  | Noticed an eidolon
   198 | Abyss:3  | Killed from afar by a raiju

Vanquished Creatures (others)
  4 starspawn tentacles (Abyss:3)
4 creatures vanquished.
